 Dungeon Crawl Stone Soup version 0.31-a0-150-g89dc3ad700 (webtiles) character file.

Game seed: 5347909873889771265

202 qw the Shooter (level 5, -1/33 HPs)
             Began as a Gargoyle Hunter on June 8, 2023.
             Slain by a lemure (3 damage)
             ... led by Pikel
             ... on level 4 of the Dungeon.
             The game lasted 00:00:54 (1619 turns).

qw the Shooter (Gargoyle Hunter)                    Turns: 1619, Time: 00:00:54

Health: -1/33      AC: 13    Str: 15    XL:     5   Next: 80%
Magic:  5/5        EV: 11    Int:  9    God:
Gold:   244        SH:  0    Dex: 15    Spells: 4/4 levels left

rFire   . . .        Y - +1 shortbow (drain)
rCold   . . .        (shield currently unavailable)
rNeg    + . .        l - +0 ring mail
rPois   inf          (no helmet)
rElec   +            (no cloak)
rCorr   .            (no gloves)
SInv    .            (no boots)
Will    .....        (no amulet)
Stlth   +            e - +4 ring of protection
HPRegen 0.25/turn    (no ring)
MPRegen 0.09/turn

%: no passive effects
@: about to teleport
A: sickness immunity, AC +4, negative energy resistance 1, electricity
resistance, torment resistance 1, petrification resistance
a: no special abilities


You were on level 4 of the Dungeon.
You visited 1 branch of the dungeon, and saw 4 of its levels.

You collected 244 gold pieces.


Innate Abilities, Weirdness & Mutations

You are immune to sickness and miasma.
Your stone body is resilient. (AC +4)
You are immune to poison.
You resist negative energy. (rN+)
You are resistant to electric shocks. (rElec)
You are resistant to unholy torment.
You are immune to petrification.


   Skills:
 + Level 3.9 Fighting
 - Level 6.0 Ranged Weapons
 - Level 1.1 Armour
 - Level 1.5 Dodging
 - Level 1.1 Stealth


You had 4 spell levels left.
You didn't know any spells.
Your spell library was empty.

Inventory:

Hand Weapons
 Y - a +1 shortbow of draining (weapon)
Armour
 l - a +0 ring mail (worn)
Jewellery
 e - a +4 ring of protection (left hand)
Scrolls
 b - a scroll of identify
 f - 3 scrolls of teleportation
Potions
 a - a potion of curing {unknown}
 i - a potion of berserk rage {unknown}

Dungeon Overview and Level Annotations

Branches:
Dungeon (4/15)
 Temple: D:4-7

Altars:
Elyvilon

Annotations:
D:4 Duvessa, Pikel


Message History

Duvessa hits you but does no damage. Pikel closely misses you.
A lemure comes into view.
The ufetubus barely misses you. The ufetubus hits you.
Duvessa barely misses you.
You shoot an arrow. The arrow hits Duvessa.
Duvessa is heavily wounded.
The ufetubus hits you but does no damage.
The ufetubus closely misses you. Duvessa closely misses you. Pikel misses you.
The ufetubus hits you but does no damage. x2
You shoot an arrow.
The arrow hits Duvessa but does no damage.
You drain Duvessa.
Duvessa is heavily wounded.
Duvessa closely misses you.
Pikel hits you with a +1 whip of freezing!
Pikel freezes you. Duvessa misses you.
You shoot an arrow. The arrow barely misses Duvessa.
Duvessa hits you with a +0 short sword. Pikel closely misses you.
Duvessa closely misses you. The lemure hits you but does no damage.
Pikel barely misses you.
You shoot an arrow. The arrow barely misses Duvessa.
The arrow hits the lemure!
The lemure is moderately wounded.
Duvessa closely misses you. Duvessa hits you but does no damage.
Pikel hits you but does no damage. The lemure misses you.
You shoot an arrow. The arrow hits Duvessa.
Duvessa is heavily wounded.
Duvessa barely misses you.
Pikel hits you with a +1 whip of freezing.
Pikel freezes you. The lemure barely misses you.
1618 ||| READING 4 scrolls of teleportation.
As you read the scroll of teleportation, it crumbles to dust.
You feel strangely unstable. The ufetubus barely misses you.
The ufetubus hits you but does no damage.
Pikel hits you but does no damage. The lemure hits you but does no damage.
The ufetubus closely misses you. The ufetubus misses you.
You shoot an arrow. The arrow hits the lemure.
The lemure is moderately wounded.
Pikel closely misses you. The lemure misses you. The lemure hits you.
You die...

#.....#...........#..##
..#...##..<............#
. #... ##..............#
....# ####...........#
#.... #.........###
..... .###........###
..............#
#....K5......###
#..e5@........#
#..55#......###
.....5##.....## #.....
#....## #.### #..### .
####


You could see Pikel, Duvessa (berserk, very drained), 4 lemures and an ufetubus.

Vanquished Creatures
  Dowan (D:4)
  A sleepcap (D:3)
  4 adders
  A worm (D:3)
  2 dart slugs
  An orc (D:3)
  9 ball pythons
  8 bats
  7 endoplasms
  5 giant cockroaches
  14 goblins
  5 hobgoblins
  3 jackals (D:2)
  2 quokkas (D:1)
  2 frilled lizards (D:1)
  5 kobolds
  4 rats
74 creatures vanquished.

Notes
Turn   | Place    | Note
-------+----------+-------------------------------------------
     0 | D:1      | qw the Gargoyle Hunter began the quest for the Orb.
     0 | D:1      | Reached XP level 1. HP: 12/12 MP: 1/1
     0 | D:1      | 0 ||| qw: Version: 0.2-a-119-g7aa9181
     0 | D:1      | 0 ||| qw: Game counter: 2798
     0 | D:1      | 0 ||| qw: Always use a shield: true
     0 | D:1      | 0 ||| qw: God list: Okawaru
     0 | D:1      | 0 ||| qw: Allow faded altars: false
     0 | D:1      | 0 ||| qw: Do Orc after D:15 true
     0 | D:1      | 0 ||| qw: Do second Lair branch before Depths: true
     0 | D:1      | 0 ||| qw: Lair rune preference: random
     0 | D:1      | 0 ||| qw: Plans: Normal
     0 | D:1      | 0 ||| PLANNING D:1-11
   125 | D:1      | Reached XP level 2. HP: 17/17 MP: 2/2
   324 | D:1      | Reached XP level 3. HP: 21/21 MP: 3/3
   440 | D:1      | Reached skill level 5 in Ranged Weapons
   619 | D:1      | 619 ||| UPGRADING to +0 ring mail.
   629 | D:1      | 629 ||| DROPPING +0 leather armour.
   630 | D:1      | 630 ||| READING scroll labelled HUWACO HUNLI.
   631 | D:1      | 631 ||| READING scroll labelled WUDDI ATZUR MESO.
   632 | D:1      | 632 ||| READING 5 scrolls labelled ROERYZOLOST.
   636 | D:1      | 636 ||| READING scroll labelled ONWEDI TUEDU.
   637 | D:1      | 637 ||| READING scroll labelled WEAKIOCEPH.
   638 | D:1      | 638 ||| READING scroll labelled ZAERHAOMOTA.
   639 | D:1      | 639 ||| READING scroll labelled ERIGEPH SYNN.
   640 | D:1      | 640 ||| READING scroll labelled OFIECZOICE.
   641 | D:1      | 641 ||| DROPPING scroll of butterflies.
   666 | D:2      | 666 ||| STAIRDANCE
   674 | D:1      | Reached skill level 1 in Armour
   696 | D:2      | Reached skill level 3 in Fighting
   696 | D:2      | Reached XP level 4. HP: 28/28 MP: 4/4
  1021 | D:3      | Found a white marble altar of Elyvilon.
  1079 | D:3      | 1079 ||| READING scroll of brand weapon.
  1079 | D:3      | 1079 ||| BRANDING +0 shortbow of flaming.
  1393 | D:3      | Reached XP level 5. HP: 31/32 MP: 5/5
  1406 | D:3      | Reached skill level 6 in Ranged Weapons
  1451 | D:3      | 1451 ||| UPGRADING to +4 ring of protection.
  1452 | D:3      | 1452 ||| READING scroll labelled TAXUNKOMME.
  1453 | D:3      | 1453 ||| READING scroll labelled QAOGEI SUOHA.
  1454 | D:3      | 1454 ||| DRINKING 2 glowing emerald potions.
  1477 | D:3      | 1477 ||| DROPPING potion of lignification.
  1595 | D:4      | Noticed Dowan
  1599 | D:4      | Noticed Duvessa
  1602 | D:4      | Killed Dowan
  1603 | D:4      | Noticed Pikel
  1609 | D:4      | Noticed a lemure
  1610 | D:4      | Noticed a lemure
  1611 | D:4      | Noticed a lemure
  1612 | D:4      | Noticed a lemure
  1617 | D:4      | HP: 4/33 [Pikel/+1 whip of freezing (6)]
  1618 | D:4      | 1618 ||| READING 4 scrolls of teleportation.
  1619 | D:4      | Slain by a lemure

Levels and vault maps discovered:
D:1:      ldierk_walled_garden, layout_basic
D:2:      layout_basic, minmay_worlds_worst_comb
D:3:      layout_rooms, mainiacjoe_overflow_paths
D:4:      layout_cave_pools, uniq_blork_the_orc, uniq_duvessa, uniq_pikel

Skill      XL: |  1  2  3  4  5 |
---------------+----------------+-----
Ranged Weapons | 5 6 |  6.0
Armour         | 1 |  1.1
Fighting       | 3 |  3.9
Dodging        | |  1.5
Stealth        | |  1.1

Action                     |  1- 3 |  4- 6 || total
---------------------------+-------+-------++-------
   Fire: Shortbow          |    87 |   126 ||   213
    Use: Scroll            |     8 |     4 ||    12
         Potion            |       |     1 ||     1
 Armour: Leather armour    |     8 |       ||     8
         Ring mail         |    13 |    44 ||    57
  Dodge: Dodged            |    16 |    57 ||    73

Table legend:
 A = Non-vault XP
 B = Vault XP
 C = Vault XP percentage of total XP
 D = Non-vault monster count
 E = Vault monster count
 F = Vault count percentage of total count
                 A         B        C        D         E       F
            +---------+---------+-------+---------+---------+-------
      Total |     216 |      73 |  25.3 |      71 |       3 |   4.1
            +---------+---------+-------+---------+---------+-------
        D:1 |      60 |       0 |   0.0 |      28 |       0 |   0.0
        D:2 |      59 |       4 |   6.3 |      18 |       2 |  10.0
        D:3 |      93 |       0 |   0.0 |      23 |       0 |   0.0
        D:4 |       4 |      69 |  94.5 |       2 |       1 |  33.3
            +---------+---------+-------+---------+---------+-------
